[Event "Polish Youth G18 Championship 2023"]
[Site "Jastrzebia Gora"]
[Date "2023.03.17"]
[Round "7.1"]
[White "Goraj, Barbara"]
[Black "Zabrzanska, Weronika"]
[Result "1/2-1/2"]
[ECO "A13"]
[WhiteElo "2130"]
[BlackElo "2021"]
[Annotator "TA"]
[PlyCount "135"]
[EventDate "2023.03.11"]
[EventType "swiss"]
[EventCountry "POL"]
[SourceTitle "playchess.com"]
[Source "ChessBase"]
[SourceQuality "1"]
[TimeControl "40/5400+30:1800+30"]

1. c4 e6 2. Nc3 d5 3. e3 Nf6 4. Nf3 Be7 5. b3 c5 6. cxd5 Nxd5 7. Bb2 O-O 8. Qb1 {[%emt 0:01:58] A13: English Opening: 1...e6.} Nc6 9. h4 f5 {[%emt 0:09:02] [#]} 10. Bd3 $146 {[%emt 0:15:29] The position is equal.} ({Predecessor:} 10. Bb5 Bd7 11. Nxd5 exd5 12. h5 h6 13. O-O Qe8 14. d4 Nxd4 15. exd4 Bxb5 16. Re1 {1-0 Vachier Lagrave,M (2778)-So,W (2770) Clutch-ch June rapid 2020 (1.9)}) 10... Ncb4 11. Be2 Bf6 12. Nxd5 Nxd5 13. Ne5 Bxh4 14. g3 (14. Qc2 $11) 14... Bf6 $15 15. f4 b6 $1 16. Kf2 Bxe5 (16... Bb7 {keeps more tension.} 17. Rh2 h6 18. Ng6 Rf7) 17. fxe5 (17. Bxe5 $17 Bb7 18. Rh2) 17... h6 $19 18. Bf3 (18. Qc2 $142) 18... Bb7 19. Rh4 (19. Rh2) 19... Rb8 (19... f4 $142 {And now ...fxg3+ would win.} 20. Kg1 (20. exf4 $2 Nxf4 21. Ke3 Ng2+ 22. Bxg2 Qg5+ 23. Kd3 Rad8+ {[%mdl 64] Skewer} 24. Bd4 Bxg2 $19) 20... fxg3 21. Rxh6 Rf5) 20. Qh1 {[%emt 0:02:43] [#]} (20. Qd1 $142) 20... Nf6 $1 21. Bc3 (21. Ke2 Ne4) 21... Ng4+ 22. Ke2 $2 (22. Kg1 Bxf3 23. Qxf3) 22... Ba6+ 23. Ke1 Qd3 24. Rc1 Rbd8 25. Qg1 {[%emt 0:01:34] [#]} (25. Qg2 $142 Nxe3 26. Qe2) 25... Nxe5 $2 26. Qf2 Nxf3+ 27. Qxf3 {[%emt 0:00:07] [#]} e5 $1 28. Kf2 b5 29. b4 Rc8 {[%emt 0:01:40] Hoping for ...cxb4.} 30. bxc5 Rxc5 31. Rch1 Rc7 32. Qh5 (32. Re1 $142 Bb7 33. Qe2) 32... Bb7 33. Rg1 Qd5 (33... Rxc3 $2 34. dxc3 Qxc3 35. Qe2 $19) 34. a3 Rd8 35. Qe2 Qa2 36. Ba5 {[%emt 0:00:32] [#]} Rc2 $1 37. Rd1 (37. Bxd8 $2 Rxd2 38. Re1 Qd5 $19) 37... Rd5 38. Bb4 {[%emt 0:00:26] [#]} (38. Qh5 Rd3 39. Qe8+ Kh7 40. Qxe5 Rdxd2+ 41. Bxd2 Rxd2+ 42. Rxd2 Qxd2+ 43. Kf1 Qd1+ 44. Kf2 Qc2+ 45. Ke1) 38... a5 $1 {[%emt 0:00:18][%mdl 64] Deflection} 39. Bxa5 {[%emt 0:00:39] White is weak on the light squares} Qxa3 40. Bb4 Qa2 41. Qh5 (41. Ke1 {was called for.} Bc6 42. Bc3) 41... Rd8 42. Qxf5 {[%emt 0:10:59][%cal Oh4h6] [#]} Qd5 $1 43. Ke1 (43. Ke2 Rc4) 43... Rc7 44. Qg6 Rf7 $2 (44... Qg2 $19 {and Black stays clearly on top.} 45. e4 Rf7 46. Qxf7+ Kxf7) 45. Rxh6 $17 Qe4 $1 46. Qxe4 Bxe4 47. Rh2 Bd3 48. Rf2 {[%emt 0:00:37] [#] Repels Rf1+} (48. Rh1 $1 $15) 48... Ra7 $1 $19 {[%emt 0:00:23] aiming for ...Ra4.} 49. Bc3 {[%emt 0:01:43] [#]} (49. Rh2 $142) 49... Rb7 $2 (49... Ra6 $1 $19 50. Rf3 Rh6) 50. Ra1 $1 $15 b4 51. Bxe5 Rb5 (51... b3 $5 52. Bb2 Rc7 $17) 52. Bb2 b3 (52... Rh5 $11 {is more appropriate.} 53. Rf4 Bb5) 53. Rf4 (53. Ra7 $14 Rg5 54. Rff7) 53... g5 (53... Rh5 $5 ) 54. Rf6 Rc5 55. Kd1 $2 (55. Ra3 $11 {and White is okay.}) 55... Rc2 $19 56. Rb1 Be4 $2 (56... Rd7 $19 {White must now prevent ...Rh7.} 57. Rh6 Rh7 58. Rxh7 Kxh7) 57. Bd4 $2 (57. Rf2 $1 $15) 57... Ra2 ({Stronger than} 57... Rxd2+ 58. Kxd2 Bxb1 59. Rb6 $11) 58. Rc1 (58. Rxb3 Bc2+ 59. Ke1 Bxb3 $19) ({Wrong is} 58. d3 $2 Bxd3 59. Rxb3 Bc2+ 60. Ke2 Bxb3+ $19) 58... Bc2+ $2 ({Better is} 58... b2 $19 {( -> ...Rxd4)} 59. Bxb2 Rxb2) 59. Ke2 $2 (59. Rxc2 $1 $15 bxc2+ 60. Kc1) 59... Rb8 $2 (59... b2 $19 60. Bxb2 Rxb2) 60. Rh1 (60. Rh6 $16 {is necessary to keep the advantage. Rh8+ would be deadly.} Rb4 61. Rf1 Rxd4 62. exd4) 60... b2 $17 61. Rf2 $2 (61. Rff1 $17 {keeps fighting.} Bh7 62. Rb1 (62. e4 $2 Ra4 $19)) 61... Bh7 $19 (61... b1=R $2 62. Rh8#) 62. Bxb2 Rbxb2 63. Kf3 Rxd2 $2 (63... Rb7 $19 {...Rf7+ is the strong threat.} 64. g4 Rf7+ 65. Kg3 Rxf2 66. Kxf2 Rxd2+ 67. Kf3 Kg7) 64. Rxd2 $15 {[%emt 0:00:06] Black is slightly better.} Rxd2 65. Rh5 Rd5 66. Kg4 Bf5+ 67. Kxg5 Be4+ 68. Kh4 {[%emt 0:00:29] An exciting game.   Weighted Error Value: White=0.97/Black=0.67} 1/2-1/2

[Event "Polish Youth G18 Championship 2023"]
[Site "Jastrzebia Gora"]
[Date "2023.03.17"]
[Round "7.2"]
[White "Starosta, Martyna"]
[Black "Hertlein, Irena"]
[Result "1/2-1/2"]
[ECO "D32"]
[WhiteElo "2138"]
[BlackElo "1994"]
[Annotator "TA"]
[PlyCount "63"]
[EventDate "2023.03.11"]
[EventType "swiss"]
[EventCountry "POL"]
[SourceTitle "playchess.com"]
[Source "ChessBase"]
[SourceQuality "1"]
[TimeControl "40/5400+30:1800+30"]

1. d4 d5 2. c4 e6 3. Nc3 c5 4. cxd5 exd5 5. Nf3 Nc6 6. dxc5 d4 7. Na4 Bxc5 {[%emt 0:00:07][%mdl 64] [#] Decoy. D32: Tarrasch Defence: Sidelines and lines without g3.} 8. Nxc5 Qa5+ 9. Bd2 Qxc5 10. Rc1 Qb6 11. e3 dxe3 12. Bxe3 Qa5+ 13. Bd2 {[%emt 0:01:44] [#]} Qh5 $146 ({Predecessor:} 13... Qd8 14. Be2 Nge7 15. O-O O-O 16. Qa4 Be6 17. Rfd1 Qb6 18. b3 Rfd8 19. Be3 Rxd1+ 20. Rxd1 {½-½ Simek,P (2298)-Orsag,M (2312) CZE-chT1W 2122 2021 (5.3)}) 14. Bc3 Qg4 (14... Nge7 $11 {keeps the balance.}) 15. Bd3 Nge7 16. h3 Qh5 (16... Qxg2 $2 17. Rh2 $18) (16... Qe6+ $11 17. Kf1 Kf8) 17. O-O {[%emt 0:20:07] White is more active.} ({Better is} 17. b4 $16) 17... O-O $14 18. Re1 (18. Nd4 $5 Qxd1 19. Rfxd1 $16) 18... Be6 19. b4 {[%emt 0:02:47] [#] b5 is the strong threat.} a6 20. Bd2 {[%emt 0:07:24] A strong pair of Bishops.} Rfd8 21. Qe2 Nd4 {[%emt 0:11:13] The position is equal.} (21... Bd5 $5 ) 22. Nxd4 Qxe2 23. Bxe2 {[%emt 0:01:26] And now Nxe6 would win.} Rxd4 24. Be3 Rd7 25. a3 Nd5 26. Bd2 h6 27. Bf3 Rad8 28. Be3 Nxe3 29. Rxe3 g6 30. Rec3 Bd5 31. Bxd5 Rxd5 32. Kf1 {[%emt 0:04:24] Weighted Error Value: White=0.15 (very precise) /Black=0.13 (very precise)} 1/2-1/2

[Event "Polish Youth G18 Championship 2023"]
[Site "Jastrzebia Gora"]
[Date "2023.03.17"]
[Round "7.3"]
[White "Kucharska, Helena"]
[Black "Nowak, Roksana"]
[Result "1-0"]
[ECO "B51"]
[WhiteElo "1779"]
[BlackElo "1816"]
[Annotator "NA RC COMBH"]
[PlyCount "89"]
[EventDate "2023.03.11"]
[EventType "swiss"]
[EventCountry "POL"]
[SourceTitle "playchess.com"]
[Source "ChessBase"]
[SourceQuality "1"]
[TimeControl "40/5400+30:1800+30"]

1. e4 c5 2. Nf3 d6 3. Bb5+ Nd7 4. d4 cxd4 5. Qxd4 Ngf6 6. O-O a6 7. Bxd7+ Bxd7 8. Bg5 e6 {[%emt 0:03:37] 8...e6 scores better than 8...h6.} 9. Nbd2 e5 10. Qd3 {[%emt 0:02:03] [#]} h6 $146 ({Predecessor:} 10... b5 11. Rfe1 h6 12. Bh4 g5 13. Bg3 Be7 14. Nf1 Bc6 15. N3d2 h5 16. h4 Ng4 17. hxg5 {1-0 Chua,X (2065)-Moussard,J (2261) Wch U12 Kemer 2007 (10)}) 11. Bxf6 Qxf6 12. a4 Rd8 13. Nc4 Be6 14. Nb6 Be7 15. Rfd1 O-O 16. Nd5 Bxd5 17. Qxd5 Rb8 18. c4 Rfc8 19. b4 b6 20. Nd2 Bf8 21. Nf1 a5 22. b5 g6 23. Ne3 Be7 24. Qd3 Qg5 25. Nd5 Bd8 26. Ra3 Rb7 27. Qe2 h5 28. Rg3 Qh6 29. Ne3 Bh4 30. Nf5 Qf4 31. Rf3 Qg5 32. Nxd6 Rcc7 33. Nxb7 Rxb7 {[%emt 0:00:02] [#]} 34. c5 $1 bxc5 35. Qc4 Qe7 36. Rd5 Rc7 37. Rc3 Rd7 38. Qxc5 Rxd5 39. exd5 Qf6 40. Rf3 Qg5 41. d6 Qd2 $18 42. g3 (42. Qxe5 $2 {gets mated.} Qd1+) 42... Bg5 43. Qxe5 f5 44. h4 Qd1+ 45. Kg2 1-0

[Event "Polish Youth G18 Championship 2023"]
[Site "Jastrzebia Gora"]
[Date "2023.03.17"]
[Round "7.4"]
[White "Krzyzosiak, Marta"]
[Black "Skolska, Emilia"]
[Result "0-1"]
[ECO "C45"]
[WhiteElo "1778"]
[BlackElo "1586"]
[Annotator "NA RC COMBH"]
[PlyCount "86"]
[EventDate "2023.03.11"]
[EventType "swiss"]
[EventCountry "POL"]
[SourceTitle "playchess.com"]
[Source "ChessBase"]
[SourceQuality "1"]
[TimeControl "40/5400+30:1800+30"]

1. e4 e5 2. Nf3 Nc6 3. d4 exd4 4. Nxd4 Bc5 5. Be3 Qf6 6. c3 Nge7 7. Bc4 b6 8. O-O Bb7 9. Nxc6 Qxc6 10. Nd2 Bxe3 11. fxe3 f6 12. Qh5+ Ng6 13. Qd5 O-O-O 14. Qxc6 Bxc6 15. Bd5 Rhe8 16. Rfe1 Ne5 17. Nf3 Nd3 18. Re2 Bxd5 19. exd5 Nf4 20. Rd2 Rxe3 21. Kf2 Rde8 22. Rad1 Re2+ 23. Kf1 Rxd2 24. Rxd2 Re3 25. Nd4 g6 26. c4 a6 27. g3 Nh3 28. b3 Kd8 29. Nc2 Re5 30. Re2 Rxe2 31. Kxe2 Ke7 32. Ke3 Kd6 33. Nb4 a5 34. Nd3 Ng5 35. Nf2 h5 36. Nd3 Nf7 37. h3 Ne5 38. Nf2 Kc5 39. a3 f5 40. Nd1 a4 41. bxa4 Kxc4 42. Nb2+ Kxd5 43. Kf4 d6 0-1

[Event "Polish Youth G18 Championship 2023"]
[Site "Jastrzebia Gora"]
[Date "2023.03.17"]
[Round "7.5"]
[White "Barwinska, Ewa"]
[Black "Jedrzejko, Martyna"]
[Result "1/2-1/2"]
[ECO "C42"]
[WhiteElo "1963"]
[BlackElo "1629"]
[Annotator "TA"]
[PlyCount "73"]
[EventDate "2023.03.11"]
[EventType "swiss"]
[EventCountry "POL"]
[SourceTitle "playchess.com"]
[Source "ChessBase"]
[SourceQuality "1"]
[TimeControl "40/5400+30:1800+30"]

1. e4 e5 2. Nf3 Nf6 3. Nxe5 d6 4. Nf3 Nxe4 5. Nc3 Nxc3 6. dxc3 Be7 7. Bf4 {[%emt 0:02:25] C42: Petroff Defence: 3 Nxe5 and unusual White 3rd moves.} Nc6 8. Bd3 Be6 9. Qd2 {[%emt 0:01:57] White has an edge.} (9. Nd4 $5 ) 9... Qd7 10. O-O-O O-O-O 11. Bb5 a6 (11... Bxa2 $2 12. b3 $18) 12. Ba4 Bf6 {[%emt 0:03:40] [#]} (12... Bxa2 $2 13. Bxc6 Qxc6 14. b3 $16) 13. Kb1 $146 ({Predecessor:} 13. Nd4 Bxd4 14. cxd4 b5 15. Bb3 Bxb3 16. axb3 d5 17. Rhe1 Kb7 18. Re3 Rhe8 19. Rde1 Rxe3 20. Qxe3 {1-0 Al Tarbosh,W (2229)-Golubka,P (2408) Titled Tuesday intern op 09th Nov blitz 2021 (7)}) 13... h6 14. Nd4 Bd5 15. f3 Rde8 16. Nb3 (16. b3 {simplifies} Bxd4 17. Bxc6 Bxc6 18. cxd4 Qf5 19. h3) 16... Bc4 {[%emt 0:14:51] [#] Hoping for ...b5.} (16... Be6 $5 17. Nd4 Bd5 $11) 17. Nc5 $1 Qf5 18. Bxc6 bxc6 19. Ne4 {[%emt 0:07:36] The board is on fire.} ({Not} 19. Bxd6 $2 Re2 20. g4 Rxd2 $19) 19... Be5 20. Bxe5 Rxe5 (20... Qxe5 $11 {remains equal.} 21. b3 Be6) 21. Ng3 (21. b3 $16) 21... Qg6 22. f4 Ree8 (22... Rd5 $5 23. Qf2 Rxd1+ 24. Rxd1 Qg4 $11) 23. Qd4 (23. b3 $5 Bd5 24. c4 $14) 23... Bd5 ({Much less strong is} 23... Be2 24. f5 Qg4 25. Nxe2 Qxe2 26. Qxg7 $16) 24. f5 Qg5 25. Rhg1 {[%emt 0:02:05] c4 would be deadly.} f6 26. c4 Bf7 27. Rd3 $2 (27. c5 $11 d5 28. Rgf1) 27... c5 $17 28. Qc3 Qf4 ({Worse is} 28... Qh4 29. b3 $15) (28... h5 $17 {aiming for ...h4.} 29. Rc1 Qf4) 29. b3 $11 Qf2 30. Rdd1 h5 31. Rdf1 Qe3 32. Qa5 Kb7 33. Re1 Qd4 {[%emt 0:00:50] Threatens to win with ...h4.} 34. Rd1 ({White should try} 34. Rgf1 $1 $15) 34... Qf2 35. Rdf1 Qd4 36. Rd1 {[%emt 0:00:09] [#]} Qf2 ({Better is} 36... Qg4 $1 $17 {White must now prevent ...h4.} 37. Qd2 h4) 37. Rdf1 {[%emt 0:00:34] Weighted Error Value: White=0.21 (precise) /Black=0.28 (precise)} 1/2-1/2

[Event "Polish Youth G18 Championship 2023"]
[Site "Jastrzebia Gora"]
[Date "2023.03.17"]
[Round "7.6"]
[White "Bukala, Weronika"]
[Black "Labedz, Gabriela"]
[Result "1-0"]
[ECO "B28"]
[WhiteElo "1899"]
[BlackElo "1425"]
[Annotator "NA RC COMBH"]
[PlyCount "55"]
[EventDate "2023.03.11"]
[EventType "swiss"]
[EventCountry "POL"]
[SourceTitle "playchess.com"]
[Source "ChessBase"]
[SourceQuality "1"]
[TimeControl "40/5400+30:1800+30"]

1. e4 c5 2. Nf3 a6 3. c3 d5 4. exd5 Qxd5 5. d4 e6 6. Be3 cxd4 7. cxd4 Nf6 8. Nc3 Qd8 9. Bd3 Nc6 10. O-O Bd6 11. Bg5 Be7 12. a3 O-O 13. Bc2 h6 14. Be3 Nd5 (14... b5 $11) 15. Qd3 f5 16. Nxd5 Qxd5 ({Black should play} 16... exd5 17. Rfe1 Bf6) 17. Bb3 Qd6 18. Rfe1 Kh8 19. Bd2 ({White should play} 19. Rad1) 19... Bf6 20. Qe3 Bxd4 21. Nxd4 Qxd4 22. Bc3 Qxe3 23. Rxe3 Re8 24. Rd1 e5 $14 25. f4 e4 26. Rd6 Kh7 27. Rg3 Re7 28. Rdg6 1-0

[Event "Polish Youth G18 Championship 2023"]
[Site "Jastrzebia Gora"]
[Date "2023.03.17"]
[Round "7.7"]
[White "Arciszewska, Zuzanna"]
[Black "Krzyzosiak, Anna"]
[Result "1-0"]
[ECO "E71"]
[WhiteElo "1750"]
[BlackElo "1503"]
[Annotator "NA RC COMBH"]
[PlyCount "69"]
[EventDate "2023.03.11"]
[EventType "swiss"]
[EventCountry "POL"]
[SourceTitle "playchess.com"]
[Source "ChessBase"]
[SourceQuality "1"]
[TimeControl "40/5400+30:1800+30"]

1. d4 Nf6 2. c4 g6 3. Nc3 Bg7 4. e4 d6 5. h3 O-O 6. Be3 e5 7. d5 Na6 8. g4 Nc5 9. f3 a5 10. Nge2 c6 11. Qd2 a4 12. Ng3 h5 13. gxh5 Nxh5 14. Nxh5 Qh4+ 15. Qf2 Qxh5 16. Be2 a3 17. b3 Na6 18. O-O-O c5 19. Nb5 Nb4 20. Kb1 f5 21. Qg2 b6 22. Nxd6 Bd7 23. Rdg1 Rf6 24. Nb5 fxe4 25. fxe4 Qh7 26. Bg5 Rff8 27. h4 Bf6 28. Be3 Kf7 29. Rf1 Ke7 30. d6+ Kd8 31. Bg5 Qg7 32. Rxf6 Rxf6 33. Qf3 Kc8 34. Qxf6 Qxf6 35. Bxf6 1-0

[Event "Polish Youth G18 Championship 2023"]
[Site "Jastrzebia Gora"]
[Date "2023.03.17"]
[Round "7.8"]
[White "Bugaj, Hanna"]
[Black "Gaczol, Julia"]
[Result "1-0"]
[ECO "A80"]
[WhiteElo "1639"]
[BlackElo "1419"]
[Annotator "NA RC COMBH"]
[PlyCount "111"]
[EventDate "2023.03.11"]
[EventType "swiss"]
[EventCountry "POL"]
[SourceTitle "playchess.com"]
[Source "ChessBase"]
[SourceQuality "1"]
[TimeControl "40/5400+30:1800+30"]

1. d4 f5 2. Qd3 e6 3. g4 d6 4. gxf5 exf5 5. Nf3 g6 6. h4 Nf6 7. Bg5 h6 8. Bxf6 Qxf6 9. Nc3 Nc6 10. O-O-O Qf7 11. e4 Bd7 12. d5 Ne5 13. Nxe5 dxe5 14. Nb5 Bd6 15. Nxd6+ cxd6 16. Qa3 Ke7 17. f4 fxe4 18. fxe5 Qf4+ 19. Kb1 Qxe5 20. Bg2 Bf5 21. Qb4 b5 22. Rhe1 a5 23. Qd2 Kf7 24. Re3 Rhe8 25. Rde1 Qf4 26. h5 Qg5 27. hxg6+ Kxg6 28. Qf2 Qf6 29. Rf1 Qe5 30. Rg3+ Kf6 31. Bh3 Ke7 32. Bxf5 Rf8 33. Re3 Qxd5 34. Rxe4+ Qxe4 35. Bxe4 Rxf2 36. Rxf2 Rg8 37. b3 Rg4 38. Bd3 b4 39. Rh2 Rg5 40. Rxh6 Kd7 41. Rf6 Rc5 42. Kb2 Kc7 43. Rf5 d5 44. a3 Kc6 45. axb4 axb4 46. Rf8 Kb7 47. Kc1 Rc6 48. Rd8 Rc5 49. Kd2 Kc7 50. Rf8 Rc6 51. Rf4 Rb6 52. Ke3 Re6+ 53. Kd4 Kc6 54. Rg4 Rh6 55. Rg6+ Rxg6 56. Bxg6 1-0

[Event "Polish Youth G18 Championship 2023"]
[Site "Jastrzebia Gora"]
[Date "2023.03.17"]
[Round "7.9"]
[White "Bialek, Alicja"]
[Black "Uliasz, Katarzyna"]
[Result "1/2-1/2"]
[ECO "B90"]
[WhiteElo "1576"]
[BlackElo "1670"]
[Annotator "NA RC COMBH"]
[PlyCount "72"]
[EventDate "2023.03.11"]
[EventType "swiss"]
[EventCountry "POL"]
[SourceTitle "playchess.com"]
[Source "ChessBase"]
[SourceQuality "1"]
[TimeControl "40/5400+30:1800+30"]

1. e4 c5 2. Nf3 Nf6 3. Nc3 d6 4. d4 cxd4 5. Nxd4 a6 6. Nb3 g6 7. Be2 Bg7 8. O-O O-O 9. Re1 Nc6 10. Bf1 Bg4 11. Qd2 Rc8 12. h3 Be6 13. Qd1 d5 14. Nc5 d4 15. N3a4 b5 16. Nxe6 fxe6 17. Nc5 Qd6 18. Nd3 e5 19. Bd2 Nh5 20. g3 a5 21. Bg2 a4 22. a3 Qf6 23. Qe2 Qf7 24. Rac1 Rc7 25. Rf1 Rfc8 26. Bf3 Nf6 27. Bg2 Qc4 28. Qd1 Kh8 29. Re1 Ra7 30. Bf1 Qf7 31. Qe2 Nh5 32. Bg2 Na5 33. Qg4 e6 34. Bb4 Nc6 35. Bd2 Rf8 36. Qe2 Na5 1/2-1/2

[Event "Polish Youth G18 Championship 2023"]
[Site "Jastrzebia Gora"]
[Date "2023.03.17"]
[Round "7.10"]
[White "Lukasik, Zuzanna"]
[Black "Samol, Julia"]
[Result "1/2-1/2"]
[ECO "B46"]
[WhiteElo "1781"]
[BlackElo "1374"]
[Annotator "NA RC COMBH"]
[PlyCount "95"]
[EventDate "2023.03.11"]
[EventType "swiss"]
[EventCountry "POL"]
[SourceTitle "playchess.com"]
[Source "ChessBase"]
[SourceQuality "1"]
[TimeControl "40/5400+30:1800+30"]

1. e4 c5 2. Nf3 e6 3. d4 cxd4 4. Nxd4 Nc6 5. Nc3 a6 6. Be2 Qc7 7. O-O Nf6 8. Kh1 Be7 9. f4 d6 10. Be3 Na5 11. Qd3 O-O 12. Rae1 b5 13. Bf3 Bb7 14. Bc1 Rac8 15. Nce2 Nc4 16. b3 Nb6 17. Ng3 Nbd7 18. Bd2 Nc5 19. Qe2 Qb8 20. Rc1 Qa8 21. Rfe1 Bd8 22. c4 bxc4 23. bxc4 Bb6 24. Nb3 a5 25. Nxc5 Bxc5 26. Qd3 Bc6 27. Bc3 Bb4 28. Bxb4 axb4 29. Qxd6 Rfd8 30. Qxb4 Qxa2 31. Re2 Qa7 32. Qb3 Qc7 33. e5 Nd7 34. Bxc6 Qxc6 35. Ne4 Rb8 36. Qe3 Qa4 37. h3 Rb3 38. Qd4 Rdb8 39. Rd2 Qa3 40. Rcd1 Nf8 41. Kh2 h6 42. Rd3 Ng6 43. Nc5 Rxd3 44. Nxd3 Nh4 45. Qf2 Nf5 46. Qe2 Rd8 47. c5 Qc3 48. Nf2 1/2-1/2

[Event "Polish Youth G18 Championship 2023"]
[Site "Jastrzebia Gora"]
[Date "2023.03.17"]
[Round "7.11"]
[White "Obrochta, Lena"]
[Black "Lochina, Justyna"]
[Result "1-0"]
[ECO "B44"]
[WhiteElo "1673"]
[BlackElo "1645"]
[Annotator "NA RC COMBH"]
[PlyCount "103"]
[EventDate "2023.03.11"]
[EventType "swiss"]
[EventCountry "POL"]
[SourceTitle "playchess.com"]
[Source "ChessBase"]
[SourceQuality "1"]
[TimeControl "40/5400+30:1800+30"]

1. e4 c5 2. Nf3 e6 3. d4 cxd4 4. Nxd4 Nc6 5. Nxc6 bxc6 6. Bd3 Nf6 7. O-O Qc7 8. Nd2 Be7 9. c4 d5 10. b3 dxe4 11. Nxe4 Nxe4 12. Bxe4 Bf6 13. Qf3 Bb7 14. Bf4 e5 15. Be3 Be7 16. Rfd1 g6 17. Bh6 Bf8 18. Qf6 Rg8 19. Bxf8 Kxf8 20. Rd6 Qe7 21. Bxc6 Qxf6 22. Rxf6 Bxc6 23. Rxc6 Kg7 24. Rd1 Rgd8 25. Rcd6 Re8 26. Kf1 a5 27. Ke2 f5 28. R1d5 e4 29. Ke3 Rec8 30. Kd4 h5 31. c5 Rab8 32. c6 a4 33. Rd7+ Kh6 34. Rb7 axb3 35. axb3 Rxb7 36. cxb7 Rb8 37. Rd7 Kg5 38. Kc5 Kf6 39. Kc6 Ke6 40. Rd1 f4 41. Kc7 Rxb7+ 42. Kxb7 Ke5 43. Kc6 e3 44. fxe3 fxe3 45. b4 Ke4 46. b5 e2 47. Re1 Ke3 48. b6 Kf2 49. Rxe2+ Kxe2 50. b7 Kf2 51. b8=Q Kxg2 52. Qg3+ 1-0

[Event "Polish Youth G18 Championship 2023"]
[Site "Jastrzebia Gora"]
[Date "2023.03.17"]
[Round "7.12"]
[White "Bychowska, Marta"]
[Black "Mroz, Lena"]
[Result "0-1"]
[ECO "B28"]
[WhiteElo "1388"]
[BlackElo "1635"]
[Annotator "NA RC COMBH"]
[PlyCount "152"]
[EventDate "2023.03.11"]
[EventType "swiss"]
[EventCountry "POL"]
[SourceTitle "playchess.com"]
[Source "ChessBase"]
[SourceQuality "1"]
[TimeControl "40/5400+30:1800+30"]

1. e4 c5 2. Nf3 a6 3. c3 d5 4. exd5 Qxd5 5. d4 e6 6. Be3 cxd4 7. Qxd4 Nf6 8. Bc4 Qc6 9. O-O Nbd7 10. Nbd2 Bc5 11. Qd3 b5 12. Bb3 Bxe3 13. Qxe3 Bb7 14. Qg5 O-O 15. Nd4 Qb6 16. N2f3 Rac8 17. a3 h6 18. Qe3 a5 19. Rfd1 Nc5 20. Ba2 b4 21. axb4 axb4 22. cxb4 Qxb4 23. Qa3 Qxa3 24. bxa3 Nfe4 25. Nb5 Rcd8 26. Ne5 Ba6 27. Bc4 Rxd1+ 28. Rxd1 Bxb5 29. Bxb5 Nc3 30. Rc1 Nxb5 31. Rxc5 Nxa3 32. Rc7 Nb5 33. Rd7 Rc8 34. g3 Rc7 35. Rxc7 Nxc7 36. f4 Nd5 37. Kf2 Kf8 38. Kf3 f6 39. Nd3 Ke7 40. g4 Kf7 41. h4 Ne7 42. g5 h5 43. Nc5 Nf5 44. gxf6 gxf6 45. Kg2 Nxh4+ 46. Kh3 Ng6 47. Kg3 f5 48. Kf3 Ke7 49. Nd3 Kd6 50. Nf2 Kd5 51. Nh1 h4 52. Nf2 e5 53. fxe5 Kxe5 54. Nd3+ Ke6 55. Nf2 Kf6 56. Nh3 Nf8 57. Kg2 Ne6 58. Nf2 Kg5 59. Nh3+ Kg4 60. Nf2+ Kh5 61. Kf3 Kg6 62. Nd3 Kg5 63. Nf2 Nf4 64. Nh1 Nh3 65. Kg2 Kg4 66. Kh2 f4 67. Kg2 f3+ 68. Kf1 Kf4 69. Ke1 Ke3 70. Kf1 Kf4 71. Ke1 Ke4 72. Kf1 Ke3 73. Ke1 f2+ 74. Kf1 Kf3 75. Nxf2 Nxf2 76. Kg1 Kg3 0-1

[Event "Polish Youth G18 Championship 2023"]
[Site "Jastrzebia Gora"]
[Date "2023.03.17"]
[Round "7.13"]
[White "Bartoszek, Julia"]
[Black "Anyz, Monika"]
[Result "1/2-1/2"]
[ECO "B31"]
[WhiteElo "1344"]
[BlackElo "1755"]
[Annotator "NA RC COMBH"]
[PlyCount "69"]
[EventDate "2023.03.11"]
[EventType "swiss"]
[EventCountry "POL"]
[SourceTitle "playchess.com"]
[Source "ChessBase"]
[SourceQuality "1"]
[TimeControl "40/5400+30:1800+30"]

1. e4 c5 2. Nf3 Nc6 3. Bb5 g6 4. O-O Bg7 5. c3 e5 6. d3 Nge7 7. Be3 b6 8. d4 cxd4 9. cxd4 exd4 10. Nxd4 O-O 11. Nc3 Bb7 12. Rc1 Rc8 13. Qd2 Nxd4 14. Bxd4 Bxd4 15. Qxd4 d5 16. exd5 Nxd5 17. Nxd5 Qxd5 18. Qxd5 Bxd5 19. a3 Be6 20. h3 Rfd8 21. Rfd1 Rxd1+ 22. Rxd1 Kf8 23. Rd2 Rc1+ 24. Kh2 Ke7 25. Kg3 Rc5 26. Ba4 b5 27. Bd1 Rd5 28. Rxd5 Bxd5 29. Be2 a6 30. f3 Kd6 31. Kf4 Kc5 32. Ke5 Bc4 33. b4+ Kc6 34. Bxc4 bxc4 35. Ke4 1/2-1/2

[Event "Polish Youth G18 Championship 2023"]
[Site "Jastrzebia Gora"]
[Date "2023.03.17"]
[Round "7.14"]
[White "Trybus, Dominika"]
[Black "Gornisiewicz, Natalia"]
[Result "1/2-1/2"]
[ECO "C10"]
[WhiteElo "1543"]
[BlackElo "1287"]
[Annotator "NA RC COMBH"]
[PlyCount "60"]
[EventDate "2023.03.11"]
[EventType "swiss"]
[EventCountry "POL"]
[SourceTitle "playchess.com"]
[Source "ChessBase"]
[SourceQuality "1"]
[TimeControl "40/5400+30:1800+30"]

1. e4 e6 2. d4 d5 3. Nd2 dxe4 4. Nxe4 Nd7 5. Bd3 Ngf6 6. Nf3 Nxe4 7. Bxe4 Nf6 8. Bd3 Be7 9. O-O O-O 10. Qe2 b6 11. Bg5 Bb7 12. Rad1 h6 13. Bh4 Nh5 14. Bg3 Nxg3 15. fxg3 Bxf3 16. Rxf3 Qxd4+ 17. Kh1 Qxb2 18. Qe4 g6 19. Rxf7 Rxf7 20. Qxa8+ Kg7 21. Qxa7 Bc5 22. Qa4 Qe5 23. Qg4 Qf6 24. Bc4 Re7 25. Rf1 Qd4 26. Bxe6 Qxg4 27. Bxg4 Re4 28. h3 Rc4 29. Be6 Rxc2 30. Bb3 Rc3 1/2-1/2

[Event "Polish Youth G18 Championship 2023"]
[Site "Jastrzebia Gora"]
[Date "2023.03.17"]
[Round "7.15"]
[White "Szczotka, Matylda"]
[Black "Czerwinska, Oliwia"]
[Result "1-0"]
[ECO "C60"]
[WhiteElo "1451"]
[BlackElo "1369"]
[Annotator "NA RC COMBH"]
[PlyCount "81"]
[EventDate "2023.03.11"]
[EventType "swiss"]
[EventCountry "POL"]
[SourceTitle "playchess.com"]
[Source "ChessBase"]
[SourceQuality "1"]
[TimeControl "40/5400+30:1800+30"]

1. e4 e5 2. Nf3 Nc6 3. Bb5 Nge7 4. d4 exd4 5. Nxd4 Nxd4 6. Qxd4 Nc6 7. Qe3 Be7 8. Nc3 d6 9. Bd2 a6 10. Be2 O-O 11. O-O-O b5 12. Nd5 Bf6 13. Nxf6+ Qxf6 14. Bc3 Qg6 15. f4 f5 16. g4 Qe8 17. gxf5 Bxf5 18. Qg3 Rf7 19. Bh5 Bg6 20. Bxg6 hxg6 21. Qxg6 b4 22. Bd2 Re7 23. Qg2 Rxe4 24. Rhg1 Re7 25. f5 Nd4 26. Qd5+ Ne6 27. fxe6 c6 28. Qg5 Raa7 29. Bxb4 Rxe6 30. Rxd6 Rxd6 31. Bxd6 Qf7 32. b3 Rd7 33. Ba3 a5 34. Bb2 a4 35. Qxg7+ Qxg7 36. Rxg7+ Rxg7 37. Bxg7 axb3 38. cxb3 Kxg7 39. a4 Kf6 40. a5 Ke7 41. a6 1-0